AoeStats
← KALTON69

Migration

508631632Analyzed
1v1 RM · 10d ago on Sep 23, 2026· 31m 48s· 2 players
Game mode
Random Map
Map size
132×132
Population
200
Speed
Normal
Resources
Standard
Victory
Conquest
Starting age
Dark Age
Ending age
Imperial Age
RankedLock teamsTeams togetherTeam positionsShared explorationLock speedFull tech treeHidden civsTurbo modeCheats
Victory
Defeat
🇧🇷 Varangians · Brazil
716
+32
🇩🇪 Magyars · Germany
700
-15
yunn champ yunn
9:41 Loom
11:37 Feudal Age
12:26 Double-Bit Axe
13:42 Fishing Lines
23:19 Castle Age
22:21 Stone Mining
22:23 Gold Mining
28:19 Corvinian Army
29:49 Heated Shot
KALTON69
0:45 Loom
11:10 Feudal Age
18:23 Castle Age
16:29 Double-Bit Axe
17:25 Stone Mining
18:56 Arson
19:12 Squires
18:57 Gambesons
19:29 Forging
22:41 Fishing Lines
22:46 Horse Collar
22:55 Town Watch
23:27 Gillnets
26:56 Wheelbarrow
26:34 Gold Mining
26:51 Scale Mail Armor
27:27 Iron Casting
27:27 Bow Saw
28:19 Chain Mail Armor
28:29 Hand Cart
31:07 Fletching
34:21 Imperial Age
32:17 Town Patrol
32:14 Bodkin Arrow
Connection lost

Rejoining the realm…

Still unreachable

The connection could not be restored.

Session expired

The server has moved on; the page needs a fresh start.